 Dungeon Crawl Stone Soup version 0.30-a0-779-g7971cf19c3 (webtiles) character file.

Game seed: 14769712014064285696

56 Twinkles the Ducker (level 3, -8/35 HPs)
             Began as a Troll Hexslinger on Feb 17, 2023.
             Mangled by a gnoll
             ... wielding a +1 whip of electrocution
              (9 damage)
             ... on level 2 of the Dungeon.
             The game lasted 00:02:25 (792 turns).

Twinkles the Ducker (Troll Hexslinger)               Turns: 792, Time: 00:02:26

Health: -8/35      AC:  5    Str: 20    XL:     3   Next: 69%
Magic:  3/3        EV: 10    Int:  9    God:
Gold:   76         SH:  0    Dex: 10    Spells: 3/4 levels left

rFire   + . .      SeeInvis .      - Unarmed
rCold   . . .      Faith    .    (no shield)
rNeg    . . .      Spirit   .    l - +1 robe {rF+}
rPois   .          Reflect  .    (helmet restricted)
rElec   .          Harm     .    (no cloak)
rCorr   .          Rampage  .    (gloves unavailable)
Will    .....                    (boots unavailable)
Stlth   +                        (no amulet)
HPRegen 1.05/turn                (no ring)
MPRegen 0.08/turn                (no ring)

@: no status effects
A: large, unfitting armour, claws 3, regeneration 1, shaggy fur 1, tough skin 1
a: no special abilities


You were on level 2 of the Dungeon.
You visited 1 branch of the dungeon, and saw 2 of its levels.

You collected 76 gold pieces.

Inventory:

Hand Weapons
 a - a +1 sling
 d - a +0 spear
Missiles
 f - 4 poisoned darts
Armour
 c - a +0 robe
 l - a +1 robe of fire resistance (worn)
Scrolls
 b - a scroll of poison
 e - a scroll of immolation {unknown}
 n - 2 scrolls of identify {unknown}
Potions
 g - a potion of might {unknown}
 h - a potion of heal wounds {unknown}
 i - 2 potions of curing {unknown}
 j - a potion of degeneration {unknown}
 k - a potion of mutation {unknown}
 m - a potion of haste {unknown}
 o - a potion of lignification {unknown}


   Skills:
 + Level 1.7 Fighting
 - Level 1.2 Ranged Weapons
 + Level 2.3 Dodging
 + Level 1.7 Unarmed Combat
 - Level 1.0 Spellcasting
 - Level 2.0 Hexes


You had 3 spell levels left.
You knew the following spells:

 Your Spells              Type           Power      Damage    Failure   Level
a - Slow                  Hex            16%        N/A       16%         1

Your spell library contained the following spells:

 Spells                   Type           Power      Damage    Failure   Level
 Inner Flame              Hex/Fire       2%         N/A       58%         3
 Portal Projectile        Hex/Tloc       4%         N/A       58%         3
 Cause Fear               Hex            2%         N/A       85%         4


Dungeon Overview and Level Annotations

Branches:
Dungeon (2/15) Zot: 11162

Altars:


Innate Abilities, Weirdness & Mutations

You are too large for most types of armour.
You have claws for hands.
Your natural rate of healing is unusually fast.
You are covered in fur. (AC +1)
You have tough skin. (AC +1)


Message History

The sling bullet closely misses the gnoll.
You shoot a sling bullet.
The sling bullet hits the gnoll but does no damage.
The gnoll is moderately wounded.
A gnoll comes into view. It is wielding a +0 spear.
The gnoll barely misses you.
A frilled lizard comes into view.
The gnoll attacks as you move away! The gnoll closely misses you.
The gnoll attacks as you move away! The gnoll misses you.
You shoot a sling bullet. The sling bullet hits the gnoll.
The gnoll is heavily wounded.
The gnoll barely misses you.
You shoot a sling bullet.
The sling bullet closely misses the gnoll.
The gnoll hits you with a +0 flail.
You shoot a sling bullet.
The sling bullet hits the gnoll but does no damage.
The gnoll is heavily wounded.
You hear a shout!
The gnoll closely misses you.
You shoot a sling bullet.
The sling bullet closely misses the gnoll.
You hear a shout!
The gnoll hits you with a +1 whip of electrocution!
You are electrocuted!
You hear an angry hiss.
You are too injured to fight recklessly!
You are too injured to fight recklessly!
You are now empty-clawed.
You barely miss the gnoll.
The gnoll hits you with a +1 whip of electrocution.
You barely miss the gnoll.
A gnoll comes into view. It is wielding a +0 halberd.
The gnoll hits you with a +1 whip of electrocution.
* * * LOW HITPOINT WARNING * * *
You scratch the gnoll but do no damage.
The gnoll hits you with a +1 whip of electrocution!
* * * LOW HITPOINT WARNING * * *
You are electrocuted!
You die...

## #.. #.# ########.# .# ##
#.....##.# .# ...
###.#.#....# .# #.#.
#..g#g#....# #.### .....
##...gg###..# ###w...
#.#.#.#...###@....##########
.g......#...#.###........##
#l#.#..####.#......#####.##
....... #...###### #.#
.####.. .#.#..<..# #.# ###
#>#...#.# #.#
#..(....#####.###
.................>#
..###.#####.#<#...##


You could see 4 gnolls.

Vanquished Creatures
  An adder (D:2)
  A worm (D:2)
  3 dart slugs (D:1)
  3 endoplasms (D:1)
  A goblin (D:1)
  5 hobgoblins (D:1)
  8 jackals (D:1)
  A quokka (D:1)
  5 ball pythons
  3 bats (D:1)
  A frilled lizard (D:1)
  A kobold (D:1)
  2 rats (D:1)
35 creatures vanquished.

Notes
Turn   | Place    | Note
-------+----------+-------------------------------------------
     0 | D:1      | Twinkles the Troll Hexslinger began the quest for the Orb.
     0 | D:1      | Reached XP level 1. HP: 18/18 MP: 1/1
    63 | D:1      | Reached skill level 1 in Fighting
    73 | D:1      | Reached XP level 2. HP: 27/27 MP: 2/2
   157 | D:1      | Reached skill level 1 in Unarmed Combat
   382 | D:1      | Reached XP level 3. HP: 33/33 MP: 3/3
   791 | D:2      | HP: 8/35 [gnoll/+1 whip of electrocution (6)]
   792 | D:2      | HP: 1/35 [gnoll/+1 whip of electrocution (8)]
   792 | D:2      | Mangled by a gnoll

Illustrated notes

Levels and vault maps discovered:
D:1:      minmay_arrival_loop, layout_basic
D:2:      minmay_spotlight, layout_basic, basic_altar, serial_co_window_serial,
          co_window_paths_b, co_window_paths_a, co_window_corner_a,
          co_window_corner_a, co_window_corner_a, co_window_corner_b,
          co_window_broadway_b, co_window_unsneaky_path_c, co_window_2corner,
          co_window_paths_c, co_window_paths_d, glass_columns_b,
          glass_columns_a, glass_columns_c, minmay_pentomino_v2

Skill      XL: |  1  2 |
---------------+-------+-----
Fighting       | 1 |  1.7
Unarmed Combat | 1 |  1.7
Dodging        | 2 |  2.3
Ranged Weapons | |  1.2
Spellcasting   | |  1.0
Hexes          | |  2.0

Action                     || total
---------------------------++-------
  Melee: Unarmed           ||     3
   Fire: Sling             ||   135
 Armour: Robe              ||    41
  Dodge: Dodged            ||    49

Table legend: (Time is in decaauts)
 A = Elapsed time spent in this place.
 B = Non-inter-level travel time spent in this place.
 C = Inter-level travel time spent in this place.
 D = Time resting spent in this place.
 E = Time spent auto-exploring this place.
 F = Levels seen in this place.
 G = Mean time per level.
                   A        B        C        D        E       F      G
               +--------+--------+--------+--------+--------+-----+--------+
         Total |    836 |    805 |     31 |      0 |    539 |   2 |  418.0 |
       Dungeon |    836 |    805 |     31 |      0 |    539 |   2 |  418.0 |
               +--------+--------+--------+--------+--------+-----+--------+

Top non-repeatable levels by time:
     D:1: 709 daAuts
     D:2: 127 daAuts
